AoeStats
← Malcolm Little

African Clearing

506268548Analyzed
4v4 RM · 19d ago on Sep 13, 2026· 31m 31s· 8 players
Game mode
Random Map
Map size
Large (8 player)
Population
200
Speed
Normal
Resources
Standard
Victory
Conquest
Starting age
Dark Age
Ending age
Imperial Age
RankedLock teamsTeams togetherTeam positionsShared explorationLock speedFull tech treeHidden civsTurbo modeCheats
Victory
Defeat
🇺🇸 Huns · United States
1408
+11
🇨🇳 Magyars · China
1370
+13
🇹🇼 Aztecs · Taiwan
1273
+17
🇯🇵 Koreans · Japan
1222
+18
🇩🇴 Saracens · Dominican Republic
1357
-17
🇺🇦 Mongols · Ukraine
1301
-15
🇧🇷 Khmer · Brazil
1286
-15
🇺🇸 Vietnamese · United States
1228
-12
only_mousee
3:47 Loom
12:52 Feudal Age
18:33 Castle Age
17:59 Bloodlines
31:03 Wheelbarrow
Planck Walk
6:49 Loom
9:01 Loom
13:46 Feudal Age
14:50 Double-Bit Axe
17:49 Castle Age
16:45 Horse Collar
17:30 Town Watch
18:25 Wheelbarrow
18:36 Town Watch
21:14 Bow Saw
23:24 Fletching
25:26 Padded Archer Armor
27:56 Ballistics
29:18 Leather Archer Armor
29:57 Bodkin Arrow
30:22 Thumb Ring
José Salhes
3:47 Loom
14:21 Feudal Age
17:53 Castle Age
16:00 Double-Bit Axe
15:56 Horse Collar
17:04 Wheelbarrow
17:18 Gold Mining
17:59 Scale Barding Armor
18:05 Forging
22:07 Bow Saw
25:05 Bloodlines
29:02 Husbandry
29:52 Chain Barding Armor
Malcolm Little
5:22 Loom
14:02 Feudal Age
14:31 Double-Bit Axe
17:46 Fletching
Slayer
12:35 Feudal Age
13:37 Loom
14:04 Double-Bit Axe
16:20 Castle Age
18:15 Bow Saw
17:46 Horse Collar
18:15 Scale Barding Armor
25:35 Bloodlines
26:11 Husbandry
29:09 Chain Barding Armor
30:06 Wheelbarrow
30:51 Forging
屁屁寶寶
13:59 Loom
16:03 Feudal Age
16:46 Double-Bit Axe
16:42 Horse Collar
16:53 Gold Mining
16:30 Man-at-Arms
17:49 Wheelbarrow
18:09 Arson
22:37 Scale Mail Armor
23:52 Fletching
28:28 Castle Age
29:07 Town Watch
客官
10:28 Loom
12:41 Feudal Age
17:25 Castle Age
16:20 Scale Barding Armor
16:06 Double-Bit Axe
17:11 Bloodlines
17:58 Horse Collar
20:49 Wheelbarrow
21:13 Husbandry
22:37 Chain Barding Armor
23:54 Gold Mining
纸火
9:03 Loom
13:25 Feudal Age
25:04 Castle Age
Connection lost

Rejoining the realm…

Still unreachable

The connection could not be restored.

Session expired

The server has moved on; the page needs a fresh start.